 Dungeon Crawl Stone Soup version 0.19.1 (webtiles) character file.

116 CanadianGator the Chopper (level 5, -2/47 HPs)
             Began as a Hill Orc Fighter on Dec 5, 2016.
             Slain by Robin
             ... wielding a cursed -1 spear
              (4 damage)
             ... on level 2 of the Dungeon.
             The game lasted 00:03:12 (1522 turns).

CanadianGator the Chopper (Hill Orc Fighter)        Turns: 1522, Time: 00:03:12

Health: -2/47      AC:  8    Str: 25    XL:     5   Next: 1%
Magic:  5/5        EV:  8    Int:  8    God:
Gold:   152        SH:  9    Dex: 10    Spells: 0 memorised, 4 levels left

rFire  . . .     SeeInvis .     a - +0 war axe
rCold  . . .     Gourm    .     b - +0 scale mail
rNeg   . . .     Faith    +     c - +0 shield
rPois  .         Spirit   .     (no helmet)
rElec  .         Reflect  .     (no cloak)
rCorr  .         Harm     .     (no gloves)
MR     .....                    o - +0 pair of boots
Stlth  ..........               p - amulet of faith
                                (no ring)
                                (no ring)

@: mighty
A: no striking features
a: no special abilities


You were on level 2 of the Dungeon.
You were not hungry.

You visited 1 branch of the dungeon, and saw 2 of its levels.

You collected 152 gold pieces.

Inventory:

Hand Weapons
 a - a +0 war axe (weapon)
Armour
 b - a +0 scale mail (worn)
 c - a +0 shield (worn)
 o - a +0 pair of boots (worn)
Jewellery
 p - an amulet of faith (around neck)
Wands
 s - a wand of digging (6/24)
Scrolls
 h - a scroll of teleportation {unknown}
 i - a scroll of noise {unknown}
 k - a scroll of remove curse {unknown}
 l - 6 scrolls of identify {unknown}
 n - a scroll of enchant armour {unknown}
 r - a scroll of fog {unknown}
Potions
 e - a potion of invisibility {unknown}
 j - 2 potions of curing {unknown}
 m - a potion of cure mutation {unknown}
 q - a potion of flight {unknown}
Comestibles
 f - a bread ration
 g - a meat ration


   Skills:
 + Level 4.3 Fighting
 * Level 4.7 Axes
 + Level 4.0 Armour
 + Level 1.3 Dodging
 - Level 3.2 Shields


You had 4 spell levels left.
You didn't know any spells.

Dungeon Overview and Level Annotations

Branches:
Dungeon (2/15)

Altars:
Trog

Annotations:
D:2 Robin, Sigmund


Message History

You kill the goblin!
You hit something. You barely miss the goblin. Something hits you.
* * * LOW HITPOINT WARNING * * *
Robin hits you but does no damage. You block the goblin's attack. x2
Robin closely misses you. The goblin hits you but does no damage.
You slash the goblin!
You kill the goblin!
You have reached level 5!
You feel stronger.
You closely miss something. You hit the goblin.
You kill the goblin!
You closely miss the goblin. Something hits you.
* * * LOW HITPOINT WARNING * * *
You block the goblin's attack. Robin hits you from afar with a spear.
* * * LOW HITPOINT WARNING * * *
The goblin hits you but does no damage. Something hits you!
* * * LOW HITPOINT WARNING * * *
Robin hits you with a spear.
You die...

###..........###.#####.#
#.# #.......###..#
#.#####.# #..
..#.##....)..# #.......#
### ###.#######.##
######### ....# ##(##
##### #...### #
#...()####.##
#...#){)....#
##...g)@gg#.#
#......####...# #.##.#.#
.## # #...# .. ##..# .#
... # ##.#


You could see Robin and 2 goblins.

Vanquished Creatures
  Jessica (D:2)
  3 adders (D:2)
  3 worms (D:2)
  3 leopard geckos
  2 giant cockroaches
  13 goblins
  8 hobgoblins
  A ball python (D:2)
  2 bats
  2 frilled lizards
  8 kobolds
  6 rats
52 creatures vanquished.

Notes
Turn   | Place    | Note
-------+----------+-------------------------------------------
     0 | D:1      | CanadianGator the Hill Orc Fighter began the quest for the Orb.
     0 | D:1      | Reached XP level 1. HP: 19/19 MP: 1/1
    62 | D:1      | Reached XP level 2. HP: 27/27 MP: 2/2
   559 | D:2      | Reached XP level 3. HP: 12/33 MP: 3/3
  1027 | D:2      | Noticed Jessica
  1032 | D:2      | Killed Jessica
  1032 | D:2      | Reached skill level 1 in Dodging
  1032 | D:2      | Reached XP level 4. HP: 27/40 MP: 4/4
  1169 | D:2      | Found a bloodstained altar of Trog.
  1504 | D:2      | Noticed Sigmund
  1514 | D:2      | Noticed Robin
  1521 | D:2      | Reached XP level 5. HP: 14/47 MP: 5/5
  1522 | D:2      | HP: 2/47 [something (8)]
  1522 | D:2      | Slain by Robin

Skill      XL: |  1  2  3  4 |
---------------+-------------+-----
Axes           | 3 4 |  4.7
Fighting       | 4 |  4.3
Dodging        | 1 |  1.3
Armour         | 4 |  4.0
Shields        | |  3.2

Action                   |  1- 3 |  4- 6 || total
-------------------------+-------+-------++-------
Melee: War axe           |   105 |    56 ||   161
  Use: Potion            |       |     1 ||     1
  Eat: Chunk             |       |     2 ||     2
Armor: Scale mail        |    53 |    36 ||    89
Dodge: Dodged            |    29 |    25 ||    54
Block: Shield            |    56 |    30 ||    86
